kotofej, lawful female dwarven Valkyrie ------ --------- ----------- ##-....| [.......| |...<.....| ----- # |.....# |.......| |....`....| |...|####|....|# |.(.....| --------.-- |.{.| # |....|# |...\...| ## |....### |....|# |........ # |>..| --.---# ----+--.- ### ---.- # # # #)###### # # ### ### # # ### ### ## # # )## # # ### ###)###)###%############### # ## # #)# # # -.------|--- #### ## `# |..........| # ##--.-----.--- ...{........ # ##|......).).| |..........| ------- ##|....@..%..| ------------ |......#############|...f......| |.....| ##...f.......| ------- ------------ kotofej the Skirmisher Experience level: 5 Strength: 18 Dexterity: 11 Constitution: 18 Intelligence: 11 Wisdom: 8 Charisma: 9 Health: 0(62) Energy: 8(8) Def: 5 Gold: 940 Moves: 2040 Dungeon seed: 9TaTVEhgDp8lhkCP Game ID: kotofej_1497278342 Your Inventory: Coins $ - 940 gold pieces Weapons a - a corroded +1 long sword (weapon in hand) b - a +0 dagger (in quiver) j - 8 +0 darts p - a cursed -4 orcish dagger Armor e - an uncursed +3 small shield (being worn) n - an uncursed +0 pair of elven boots (being worn) r - an uncursed +0 orcish helm y - an uncursed +0 orcish helm Comestibles i - an uncursed fortune cookie Scrolls d - an uncursed scroll of gold detection m - an uncursed scroll of light o - an uncursed scroll of create monster Potions g - an uncursed potion of extra healing Tools f - an uncursed tin whistle k - an uncursed tin whistle l - an uncursed tin whistle Gems q - an uncursed worthless piece of green glass Spells and supernatural/magical abilities: Name Level Category Fail Memory W - pray for help -- divine ? -- Your skills at the end: Fighting Skills Weapon Skills dagger [Basic] long sword [Basic] Spellcasting Skills Final Attributes: You were piously aligned. You were cold resistant. You had infravision. You were stealthy. You are dead. Vanquished creatures: 3 bugbears 3 gnome lords a giant ant a kobold lord a rabid rat a wererat an iguana an acid blob a large kobold 6 hobgoblins a yellow mold 2 green molds a red mold 2 gnomes a gecko 8 jackals a fox 3 kobolds 5 goblins 5 sewer rats 7 grid bugs 7 bats a kobold zombie 5 newts 68 creatures vanquished. Voluntary challenges: You were an atheist. You used a wielded weapon 55 times, starting on turn 255. You read items or engraved 4 times, starting on turn 1925. You never genocided any monsters. You never polymorphed an object. You never changed form. You used no wishes. You never split a pudding. You wrote Elbereth's name 4 times, starting on turn 1925. You never violated your personal moral code. Dungeon overview: The Dungeons of Doom: levels 1 to 5 Level 1 a long staircase Level 2 a sink Level 3 some fountains stairs to The Gnomish Mines Level 4 Level 5 <- You were here some fountains, a throne The Gnomish Mines: Level 4 stairs to The Dungeons of Doom History has recorded: On T:1 you entered the Dungeons of Doom to retrieve the Amulet of Yendor! On T:100 you reached level 2 of The Dungeons of Doom. On T:630 you reached level 3 of The Dungeons of Doom. On T:633 you advanced to experience level 2. On T:778 you reached level 1 of The Gnomish Mines. On T:926 you reached level 4 of The Dungeons of Doom. On T:1069 you advanced to experience level 3. On T:1196 you advanced to experience level 4. On T:1293 you reached level 5 of The Dungeons of Doom. On T:1609 you advanced to experience level 5. Score breakdown: Gold: 940 (10115 points) Experience: 5 levels (11141 points) Exploration: 5 levels ( 10.87%) ( 8944 points) Discoveries: 4 items ( 1.63%) ( 3825 points) Valuables value: (no points given unless you survive) Artifact value: 0 ( 0 points) Variety of kills: 24 monsters ( 6.30%) ( 7529 points) Turncount: 2040 turns ( -30 points) Survival: died (score multiplied by 80%) Total score: 33219 Latest messages: The bat bites! You kill the bat! The bat bites! (2x) You write in the dust with your fingers. The kitten turns to flee! The bat turns to flee! You add to the writing in the dust with your fingers. You kill the bat! The dart hits the kitten. A bear trap closes on your foot! You are caught in a bear trap. The housecat eats a bat corpse. You are caught in a bear trap. The housecat misses the kitten. You are caught in a bear trap. You miss the kitten. The kitten bites! You die... Final status: Farvel kotofej the Valkyrie, killed by a kitten... You died in The Dungeons of Doom on dungeon level 5 with 33219 points, and 940 pieces of gold, after 2040 moves. You were level 5 with a maximum of 62 hit points when you died.